 Dungeon Crawl Stone Soup version 0.28.0-45-g0d030f2227 (webtiles) character file.

Game seed: 3682801546346841377

34087 croobank the Blocker (level 13, -17/105 HPs)
             Began as a Gnoll Fighter on Apr 18, 2022.
             Was the Champion of Okawaru.
             Demolished by a boulder beetle (69 damage)
             ... on level 6 of the Lair of Beasts.
             The game lasted 01:07:45 (20632 turns).

croobank the Blocker (Gnoll Fighter)               Turns: 20632, Time: 01:07:46

Health: -17/105    AC: 26    Str: 20    XL:     13   Next: 75%
Magic:  19/25      EV:  2    Int:  7    God:    Okawaru [******]
Gold:   2176       SH:  0    Dex: 13    Spells: 29/29 levels left

rFire   + + .      SeeInvis .   a - +4 broad axe (vorpal)
rCold   . . .      Faith    .   c - +1 buckler {rF+}
rNeg    . . .      Spirit   .   t - +2 chain mail {rF+}
rPois   .          Reflect  .   h - +0 helmet
rElec   .          Harm     .   B - +0 cloak
rCorr   .          Rampage  .   O - +0 pair of gloves
Will    .....                   y - +0 pair of boots
Stlth   ++........              W - amulet of regeneration
HPRegen 1.07/turn               V - +4 ring of protection
MPRegen 0.19/turn               o - +4 ring of evasion

@: sleeping, heroic, finesse-ful
A: fangs 1, strong nose, distributed training
a: Renounce Religion, Heroism, Finesse, Duel


You were on level 6 of the Lair of Beasts.
You worshipped Okawaru.
Okawaru was exalted by your worship.
You visited 3 branches of the dungeon, and saw 18 of its levels.
You also visited: Bailey.

You collected 2176 gold pieces.

Inventory:

Hand Weapons
 a - a +4 vorpal broad axe (weapon)
 b - a +0 arbalest
 k - the +3 spear of the Coward {vorpal, *Noise Int+6}
   (You found it on level 10 of the Dungeon)

   It inflicts extra damage upon your enemies.
   Int:       It affects your intelligence (+6).
   *Noise:    It may make noises in combat.
 C - a +3 vorpal dire flail
 D - a +4 quarterstaff of chaos
 I - a +5 morningstar of pain
 K - a +4 battleaxe
 M - a +3 war axe of venom
 R - the +4 morningstar "Liatzuol" {vorpal, Will+}
   (You found it on level 5 of the Lair of Beasts)

   It inflicts extra damage upon your enemies.
   Will:      It increases your willpower.
 S - a +0 flail of holy wrath
Missiles
 e - 97 sling bullets
 i - 20 poisoned darts
 j - 373 stones
 n - 11 boomerangs
 r - 318 arrows
 u - 4 silver boomerangs
 A - 2 silver javelins
 L - 373 bolts
 T - 9 atropa-tipped darts (quivered)
Armour
 c - a +1 buckler of fire resistance (worn)
 h - a +0 helmet (worn)
 t - a +2 chain mail of fire resistance (worn)
 y - a +0 pair of boots (worn)
 B - a +0 cloak (worn)
 O - a +0 pair of gloves (worn)
 P - a +0 plate armour
 U - the +2 scale mail of Ignis's Delight {+Inv rF++ rCorr Str-2}
   (You found it on level 1 of the Lair of Beasts)

   Str:       It affects your strength (-2).
   rF:        It greatly protects you from fire.
   +Inv:      It lets you turn invisible.
   rCorr:     It protects you from acid and corrosion.
Jewellery
 l - a ring of protection from fire
 o - a +4 ring of evasion (right hand)
 z - an amulet of the acrobat
 H - a +6 ring of intelligence
 V - a +4 ring of protection (left hand)
 W - an amulet of regeneration (around neck)
Wands
 d - a wand of digging (7)
 x - a wand of iceblast (25)
Scrolls
 m - a scroll of blinking
 s - 2 scrolls of teleportation
 v - 3 scrolls of fog
 F - 3 scrolls of immolation
 N - a scroll of fear
 X - 5 scrolls of identify
 Y - a scroll of silence
Potions
 f - 2 potions of lignification
 g - 4 potions of curing
 p - 3 potions of brilliance
 w - 5 potions of haste
 G - 2 potions of invisibility
 J - 2 potions of resistance


   Skills:
 + Level 10.8(15.8) Fighting
 + Level 8.5(13.5) Short Blades
 + Level 8.5(13.5) Long Blades
 + Level 9.8(14.8) Axes
 + Level 8.5(13.5) Maces & Flails
 + Level 8.5(13.5) Polearms
 + Level 8.5(13.5) Staves
 + Level 8.5(13.5) Slings
 + Level 8.5(13.5) Bows
 + Level 8.5(13.5) Crossbows
 + Level 8.5(13.5) Throwing
 + Level 10.8(15.8) Armour
 + Level 8.5(13.5) Dodging
 + Level 8.5(13.5) Stealth
 + Level 10.8(15.8) Shields
 + Level 8.5(13.5) Unarmed Combat
 + Level 8.5 Spellcasting
 + Level 7.1 Conjurations
 + Level 7.1 Hexes
 + Level 7.1 Summonings
 + Level 7.1 Necromancy
 + Level 7.1 Translocations
 + Level 7.1 Transmutations
 + Level 7.1 Fire Magic
 + Level 7.1 Ice Magic
 + Level 7.1 Air Magic
 + Level 7.1 Earth Magic
 + Level 7.1 Poison Magic
 + Level 9.4 Invocations
 + Level 8.5 Evocations


You had 29 spell levels left.
You didn't know any spells.
Your spell library contained the following spells:

 Spells                   Type           Power      Damage    Failure   Level
 Pain                     Necr           52%        1d6       6%          1
 Corpse Rot               Necr/Air       26%        N/A       9%          2
 Ensorcelled Hibernation  Hex/Ice        26%        N/A       9%          2
 Sublimation of Blood     Necr           13%        N/A       9%          2
 Dazzling Flash           Conj/Hex       26%        N/A       19%         3
 Ignite Poison            Fire/Tmut/Pois 13%        N/A       19%         3
 Mephitic Cloud           Conj/Pois/Air  13%        N/A       19%         3
 Portal Projectile        Hex/Tloc       26%        N/A       19%         3
 Spider Form              Tmut/Pois      13%        N/A       19%         3
 Vampiric Draining        Necr           13%        2d6       19%         3
 Anguish                  Hex/Necr       6%         N/A       52%         4
 Cause Fear               Hex            6%         N/A       52%         4
 Dispel Undead            Necr           13%        3d9       52%         4
 Hailstorm                Conj/Ice       13%        3d5       52%         4
 Ice Form                 Ice/Tmut       13%        N/A       52%         4
 Leda's Liquefaction      Hex/Erth       6%         N/A       52%         4
 Passage of Golubria      Tloc           13%        N/A       52%         4
 Petrify                  Tmut/Erth      13%        N/A       52%         4
 Agony                    Necr           13%        N/A       86%         5
 Fireball                 Conj/Fire      6%         3d5       86%         5
 Freezing Cloud           Conj/Ice/Air   6%         6-21      86%         5
 Irradiate                Conj/Tmut      6%         3d16      86%         5
 Iskenderun's Battlesphe  Conj           13%        2d7       86%         5
 Silence                  Hex/Air        6%         N/A       86%         5
 Yara's Violent Unravell  Hex/Tmut       6%         3d5       86%         5
 Conjure Ball Lightning   Conj/Air       6%         3x3d6     100%        6
 Dragon Form              Tmut           6%         N/A       100%        7
 Orb of Destruction       Conj           6%         9d6       100%        7
 Animate Skeleton         Necr           Unusable   N/A       N/A         1
 Call Canine Familiar     Summ           Unusable   N/A       N/A         3
 Tukima's Dance           Hex            Unusable   N/A       N/A         3
 Death Channel            Necr           Unusable   N/A       N/A         6
 Simulacrum               Ice/Necr       Unusable   N/A       N/A         6
 Dragon's Call            Summ           Unusable   N/A       N/A         9

Dungeon Overview and Level Annotations

Branches:
Dungeon (11/15)            Temple (1/1) D:5            Lair (6/6) D:10
  Swamp (0/4) Lair:4       Spider (0/4) Lair:2        Slime (0/5) Lair:5
 Bailey (visited)
    Orc: D:9-12

Altars:
Ashenzari
Cheibriados
Dithmenos
Elyvilon
Fedhas
Gozag
Hepliaklqana
Kikubaaqudgha
Makhleb
Nemelex Xobeh
Okawaru
Qazlal
Ru
Sif Muna
Trog
Uskayaw
Vehumet
Wu Jian
Xom
Yredelemnul
Zin
The Shining One
Jiyva

Shops:
D:8 [

Portals:
Trove: D:11 (give 6 scrolls of fog)


Innate Abilities, Weirdness & Mutations

You have very sharp teeth.
Your uncanny sense of smell can sniff out nearby items.
Your experience applies equally to all skills.


Message History

The spriggan hits you but does no damage.
The komodo dragon bites you!!
Unknown command.
You hit the komodo dragon but do no damage.
The komodo dragon is heavily wounded.
You miss the spriggan. You closely miss the komodo dragon.
You bite the komodo dragon, but do no damage.
The komodo dragon is heavily wounded.
You slash the spriggan!
The spriggan rider completely misses you.
You block the spriggan's attack.
You barely miss the komodo dragon.
You bite the komodo dragon, but do no damage.
The komodo dragon is heavily wounded.
You slash the spriggan!
You kill the spriggan!
Okawaru accepts your kill. You block the komodo dragon's attack.
You slice the komodo dragon!!
You kill the komodo dragon!
The komodo dragon's corpse dissolves into shadows!
The spriggan rider misses you.
The boulder beetle curls into a ball and begins rolling!
You hear some strange, mumbled words.
The dream sheep ruffle their wool and motes of dream dust sparkle, to no effect.
Things that are here:
a +0 rapier; a +0 robe; a spriggan corpse You barely miss something.
You barely miss the four-headed hydra. Something closely misses you.
The spriggan rider barely misses you.
You slice something!! Okawaru accepts your kill.
Reactivating autopickup.
The four-headed hydra dissolves into shadows!
You feel a bit more experienced.
The dream sheep shake their wool and sparkle.
You feel drowsy...
You fall asleep.
The boulder beetle hits you!!!
Ouch! That really hurt!
You die...

#.#♣.♣♣ ♣♣♣.♣♣..iih♣♣♣♣
#.....♣♣♣......♣♣♣..h.♣
##.†♣♣♣.)...♣.♣♣♣
♣♣○.YY.h #####...♣
♣♣♣♣♣..♣♣ ♣♣°..S ##
#..###..♣ ♣♣.Y♣ ...
.###.P#....♣♣♣
♣♣Y.♣...♣ ♣.
.............♣
♣♣ih♣♣♣♣....
...P......[..♣ ♣.B♣♣
♣.. ...#...###....♣♣@♣♣
♣ ...###...#.<..♣♣..♣
.........#....♣♣♣..♣
...##..)...P..♣ ..♣
..###.......... ♣.. ...
#.P.#... ♣♣. ..# ♣. ...
♣♣ ..


You could see a boulder beetle (rolling), a spriggan rider, a wolf and 2 dream
sheep.

Vanquished Creatures
  Kirke (Lair:4)
  2 boulder beetles
  A hydra (Lair:3)
  2 two-headed ogres
  2 death yaks (Lair:2)
  Urug (Lair:4)
  Pikel (D:7)
  A cyclops (D:11)
  6 elephants (Lair:4)
  2 manticores
  7 black mambas
  3 torpor snails
  9 cane toads
  4 komodo dragons
  Maggie (D:6)
  4 rime drakes
  A polar bear (Lair:4)
  A troll (D:10)
  Grinder (D:4)
  A hornet (Lair:4)
  8 blink frogs (Lair:5)
  5 spriggans (Lair:6)
  A shadow (D:11)
  3 wyverns
  33 yaks
  A human (Lair:4)
  3 hogs
  4 basilisks
  An acid dragon (D:11)
  10 water moccasins
  A sky beast (D:6)
  5 black bears
  2 necrophages
  8 orc warriors
  An ogre (D:3)
  A boggart (Lair:6)
  5 centaurs
  4 wolves (Lair:6)
  A lemure (D:7)
  2 phantoms
  3 kobold brigands
  17 bullfrogs
  4 scorpions
  A gnoll sergeant (D:10)
  A wyvern zombie (D:5)
  A water moccasin zombie (D:5)
  16 wights
  An electric eel (Lair:2)
  2 howler monkeys
  6 orc priests
  3 centaur zombies
  A hound (D:5)
  A centaur skeleton (D:6)
  Crazy Yiuf (D:4)
  Ijyb (D:4)
  3 iguanas
  8 orc wizards
  A hound skeleton (D:5)
  A howler monkey zombie (D:8)
  13 adders
  8 gnolls
  A howler monkey skeleton (D:5)
  A shadow imp (D:8)
  2 white imps
  3 ufetubi
  7 worms
  4 dart slugs
  38 orcs
  3 bats
  3 endoplasms
  3 giant cockroaches
  2 goblins (D:1)
  9 hobgoblins
  2 jackals (D:4)
  15 kobolds
  2 quokkas
  9 ball pythons
  3 frilled lizards
  4 rats
354 creatures vanquished.

Vanquished Creatures (collateral kills)
  A centaur skeleton (D:5)
  An adder (D:5)
2 creatures vanquished.

Vanquished Creatures (others)
  A bush (Lair:4)
  30 fungi
  70 plants
101 creatures vanquished.

Grand Total: 457 creatures vanquished

Notes
Turn   | Place    | Note
-------+----------+-------------------------------------------
     0 | D:1      | croobank the Gnoll Fighter began the quest for the Orb.
     0 | D:1      | Reached XP level 1. HP: 23/23 MP: 1/1
   294 | D:1      | Reached XP level 2. HP: 22/29 MP: 2/2
   798 | D:2      | Found a faded altar of an unknown god.
  1055 | D:2      | Reached XP level 3. HP: 35/35 MP: 2/4
  1060 | D:2      | Reached skill level 1 in Invocations
  1062 | D:2      | Reached skill level 1 in Short Blades
  1062 | D:2      | Reached skill level 1 in Long Blades
  1062 | D:2      | Reached skill level 1 in Maces & Flails
  1062 | D:2      | Reached skill level 1 in Polearms
  1062 | D:2      | Reached skill level 1 in Staves
  1062 | D:2      | Reached skill level 1 in Slings
  1062 | D:2      | Reached skill level 1 in Bows
  1062 | D:2      | Reached skill level 1 in Crossbows
  1062 | D:2      | Reached skill level 1 in Throwing
  1062 | D:2      | Reached skill level 1 in Dodging
  1062 | D:2      | Reached skill level 1 in Stealth
  1062 | D:2      | Reached skill level 1 in Unarmed Combat
  1062 | D:2      | Reached skill level 1 in Spellcasting
  1062 | D:2      | Reached skill level 1 in Evocations
  1314 | D:2      | Reached XP level 4. HP: 41/41 MP: 5/5
  1802 | D:3      | Reached skill level 1 in Conjurations
  1802 | D:3      | Reached skill level 1 in Hexes
  1802 | D:3      | Reached skill level 1 in Summonings
  1802 | D:3      | Reached skill level 1 in Necromancy
  1802 | D:3      | Reached skill level 1 in Translocations
  1802 | D:3      | Reached skill level 1 in Transmutations
  1802 | D:3      | Reached skill level 1 in Fire Magic
  1802 | D:3      | Reached skill level 1 in Ice Magic
  1802 | D:3      | Reached skill level 1 in Air Magic
  1802 | D:3      | Reached skill level 1 in Earth Magic
  1802 | D:3      | Reached skill level 1 in Poison Magic
  2029 | D:3      | Reached XP level 5. HP: 47/47 MP: 5/7
  2242 | D:3      | Noticed an ogre
  2487 | D:4      | Noticed a black bear
  2495 | D:4      | Killed a black bear
  2496 | D:4      | Reached XP level 6. HP: 45/53 MP: 8/8
  2616 | D:4      | Noticed Ijyb
  2622 | D:4      | Killed Ijyb
  2623 | D:4      | Reached skill level 5 in Axes
  2801 | D:4      | Found a white marble altar of Elyvilon.
  2924 | D:4      | Noticed Grinder
  2943 | D:4      | Killed Grinder
  2944 | D:4      | Reached XP level 7. HP: 43/60 MP: 10/10
  3062 | D:4      | Found a burning altar of Makhleb.
  3062 | D:4      | Noticed a blizzard demon
  3115 | D:4      | Found a runed translucent door.
  3116 | D:4      | Noticed Crazy Yiuf
  3296 | D:3      | Found a snail-covered altar of Cheibriados.
  3579 | D:3      | Found a radiant altar of Vehumet.
  4249 | D:4      | Killed Crazy Yiuf
  4297 | D:5      | Entered Level 5 of the Dungeon
  4433 | D:5      | Reached XP level 8. HP: 60/67 MP: 12/12
  5058 | D:5      | Found a staircase to the Ecumenical Temple.
  5174 | Temple   | Entered the Ecumenical Temple
  5619 | D:6      | Noticed Maggie
  5703 | D:6      | Killed Maggie
  5704 | D:6      | Reached XP level 9. HP: 73/73 MP: 14/14
  5784 | D:6      | Found a broken altar of Ashenzari.
  6089 | D:6      | Found a shadowy altar of Dithmenos.
  6405 | D:6      | Found an ornate altar of the Wu Jian Council.
  6468 | D:6      | Found a stormy altar of Qazlal.
  6503 | D:7      | Found a flagged portal.
  6572 | Bailey   | Entered a bailey
  7001 | Bailey   | Reached skill level 5 in Invocations
  7510 | Bailey   | Noticed an orc knight
  8119 | D:7      | Found an iron altar of Okawaru.
  8140 | D:7      | Became a worshipper of Warmaster Okawaru
  8511 | D:8      | Noticed Pikel
  8541 | D:7      | Killed Pikel
  8542 | D:7      | Reached XP level 10. HP: 80/80 MP: 17/17
  8585 | D:8      | Reached skill level 5 in Short Blades
  8585 | D:8      | Reached skill level 5 in Long Blades
  8585 | D:8      | Reached skill level 5 in Maces & Flails
  8585 | D:8      | Reached skill level 5 in Polearms
  8585 | D:8      | Reached skill level 5 in Staves
  8585 | D:8      | Reached skill level 5 in Slings
  8585 | D:8      | Reached skill level 5 in Bows
  8585 | D:8      | Reached skill level 5 in Crossbows
  8585 | D:8      | Reached skill level 5 in Throwing
  8585 | D:8      | Reached skill level 5 in Dodging
  8585 | D:8      | Reached skill level 5 in Stealth
  8585 | D:8      | Reached skill level 5 in Unarmed Combat
  8585 | D:8      | Reached skill level 5 in Spellcasting
  8585 | D:8      | Reached skill level 5 in Evocations
  8704 | D:8      | Found Napsuech's Armour Shop.
  8790 | D:8      | Reached * piety under Okawaru
  9093 | D:9      | Noticed a two-headed ogre
  9100 | D:9      | Killed a two-headed ogre
  9100 | D:9      | Reached ** piety under Okawaru
  9521 | D:9      | Found a hazy altar of Hepliaklqana.
  9707 | D:9      | Found a glowing silver altar of Zin.
 10205 | D:10     | Entered Level 10 of the Dungeon
 10272 | D:10     | Noticed a manticore
 10587 | D:10     | Killed a manticore
 11047 | D:10     | Reached *** piety under Okawaru
 11082 | D:10     | Reached XP level 11. HP: 87/87 MP: 19/19
 11365 | D:10     | Noticed a two-headed ogre
 11374 | D:10     | Killed a two-headed ogre
 11530 | D:10     | Reached skill level 5 in Conjurations
 11530 | D:10     | Reached skill level 5 in Hexes
 11530 | D:10     | Reached skill level 5 in Summonings
 11530 | D:10     | Reached skill level 5 in Necromancy
 11530 | D:10     | Reached skill level 5 in Translocations
 11530 | D:10     | Reached skill level 5 in Transmutations
 11530 | D:10     | Reached skill level 5 in Fire Magic
 11530 | D:10     | Reached skill level 5 in Ice Magic
 11530 | D:10     | Reached skill level 5 in Air Magic
 11530 | D:10     | Reached skill level 5 in Earth Magic
 11530 | D:10     | Reached skill level 5 in Poison Magic
 11726 | D:10     | Found a staircase to the Lair.
 11842 | D:10     | Found a hide-covered altar of Uskayaw.
 11973 | D:10     | Identified the +3 spear of the Coward {vorpal, *Noise
                  | Int+6}
 11991 | D:10     | Identified a scroll of acquirement
 11991 | D:10     | Acquired a +2 vorpal broad axe
 12439 | D:11     | Found a portal to a secret trove of treasure.
 12529 | D:11     | Reached **** piety under Okawaru
 12929 | D:11     | Noticed a manticore
 12944 | D:11     | Killed a manticore
 13373 | D:11     | Noticed a cyclops
 13398 | D:11     | Killed a cyclops
 13398 | D:11     | Reached ***** piety under Okawaru
 13398 | D:11     | Received a gift from Okawaru
 13927 | Lair:1   | Entered Level 1 of the Lair of Beasts
 13976 | Lair:1   | Received a gift from Okawaru
 14355 | Lair:1   | Identified the +2 scale mail of Ignis's Delight {+Inv rF++
                  | rCorr Str-2}
 14989 | Lair:2   | Received a gift from Okawaru
 15482 | Lair:2   | Reached XP level 12. HP: 89/96 MP: 22/22
 15583 | Lair:2   | Found a hole to the Spider Nest.
 15983 | Lair:2   | Noticed a boulder beetle
 16294 | Lair:2   | Killed a boulder beetle
 16609 | Lair:2   | Noticed a death yak
 16615 | Lair:2   | Noticed a death yak
 16633 | Lair:2   | Killed a death yak
 16633 | Lair:2   | Received a gift from Okawaru
 16641 | Lair:2   | Killed a death yak
 17083 | Lair:3   | Noticed a boulder beetle
 17109 | Lair:3   | Killed a boulder beetle
 17484 | Lair:3   | Noticed a four-headed hydra
 17492 | Lair:3   | Killed a four-headed hydra
 17567 | Lair:3   | Received a gift from Okawaru
 17568 | Lair:3   | Reached skill level 10 in Fighting
 17568 | Lair:3   | Reached skill level 10 in Armour
 17568 | Lair:3   | Reached skill level 10 in Shields
 18154 | Lair:4   | Noticed Kirke
 18181 | Lair:4   | Killed Kirke
 18181 | Lair:4   | Received a gift from Okawaru
 18199 | Lair:4   | Reached ****** piety under Okawaru
 18355 | Lair:4   | Noticed Urug
 18370 | Lair:4   | Killed Urug
 18490 | Lair:4   | Found a staircase to the Swamp.
 18514 | Lair:4   | Received a gift from Okawaru
 18815 | Lair:4   | Reached XP level 13. HP: 77/103 MP: 24/24
 19231 | Lair:4   | Received a gift from Okawaru
 19635 | Lair:5   | Found a staircase to the Slime Pits.
 19635 | Lair:5   | Found a viscous altar of Jiyva.
 19902 | Lair:5   | Identified the +4 morningstar "Liatzuol" {vorpal, Will+}
 20035 | Lair:5   | Identified the +3 hand axe of Fagag {holy, Will+} (Okawaru
                  | gifted it to you on level 5 of the Lair of Beasts)
 20035 | Lair:5   | Received a gift from Okawaru
 20043 | Lair:6   | Entered Level 6 of the Lair of Beasts
 20144 | Lair:6   | Acquired 804 gold pieces
 20391 | Lair:6   | Found a snail-covered altar of Cheibriados.
 20464 | Lair:6   | Found a shimmering blue altar of Sif Muna.
 20632 | Lair:6   | Demolished by a boulder beetle

Illustrated notes

Levels and vault maps discovered:
D:1:      amcnicky_arrival_underground_garden, layout_loops_corners,
          minmay_strange_pillars, minmay_misc_feat_four_crosses
D:2:      layout_loops_cross, hellmonk_ecumenical_altar_zigzags, dk_vineyard_1,
          kennysheep_generic_room_5
D:3:      layout_basic, mainiacjoe_overflow_boulevard,
          mainiacjoe_overflow_24_doors
D:4:      wad_pebble_path, layout_basic, makhleb_altar_promises_db,
          lemuel_tele_altar, minmay_misc_feat_more_columns,
          mrwooster_statue_mirror, uniq_grinder, uniq_crazy_yiuf_cottage,
          uniq_ijyb
D:5:      layout_loops_cross
D:6:      layout_cave_pools, ashenzari_conservatory_becter, kennysheep_mini,
          nicolae_dithmenos_the_darkroom, nicolae_qazlal_eye_of_the_storm,
          uniq_maggie
D:7:      layout_basic, okawaru_metal_pillars_1_2, enter_bailey_2,
          minmay_misc_feat_plants, hangedman_abyss_or_decor_passed, hex_large
D:8:      layout_rooms, serial_shops, nicolae_stop_n_shop_1, uniq_pikel
D:9:      layout_loops_corners, mainiacjoe_overflow_alcove_1,
          mainiacjoe_overflow_alcove_4, grunt_decor_mini_mirrors,
          serial_bayou_pond_d
D:10:     layout_gridville, mainiacjoe_overflow_catwalk, lair_entry_dummy,
          nicolae_straight_to_the_point
D:11:     hellmonk_destroyed_diamonds, layout_loops_ring, enter_trove_0
Temple:   jpeg_temple_alley_garden
Lair:1:   layout_hall_layers
Lair:2:   layout_gridlike, nicolae_spider_entry_non_spiders,
          nicolae_quartered_pool_medium
Lair:3:   layout_long_grid
Lair:4:   minmay_lair_venomous_thicket, layout_misc_corridors, swamp_mist,
          uniq_kirke, uniq_urug
Lair:5:   nzn_winding_woodlands_small [nzn_winding_woodlands_5x15_pockets,
          nzn_winding_woodlands_center_garden, nzn_winding_woodlands_5x15_eye],
          layout_gridlike, slime_altar_1
Lair:6:   minmay_lair_end_enchanted_forest, layout_regular_city, basic_altar,
          chequers_serial_rivers_small_b, kennysheep_snail_temple, uniq_rupert

Skill      XL: |  1  2  3  4  5  6  7  8  9 10 11 12 13 |
---------------+----------------------------------------+-----
Invocations    | 1 2 3 4 5 6 7 8 9 |  9.4
Short Blades   | 1 2 3 4 5 6 7 8 |  8.5
Long Blades    | 1 2 3 4 5 6 7 8 |  8.5
Maces & Flails | 1 2 3 4 5 6 7 8 |  8.5
Polearms       | 1 2 3 4 5 6 7 8 |  8.5
Staves         | 1 2 3 4 5 6 7 8 |  8.5
Slings         | 1 2 3 4 5 6 7 8 |  8.5
Bows           | 1 2 3 4 5 6 7 8 |  8.5
Crossbows      | 1 2 3 4 5 6 7 8 |  8.5
Throwing       | 1 2 3 4 5 6 7 8 |  8.5
Dodging        | 1 2 3 4 5 6 7 8 |  8.5
Stealth        | 1 2 3 4 5 6 7 8 |  8.5
Unarmed Combat | 1 2 3 4 5 6 7 8 |  8.5
Spellcasting   | 1 2 3 4 5 6 7 8 |  8.5
Evocations     | 1 2 3 4 5 6 7 8 |  8.5
Conjurations   | 1 2 3 4 5 6 7 |  7.1
Hexes          | 1 2 3 4 5 6 7 |  7.1
Summonings     | 1 2 3 4 5 6 7 |  7.1
Necromancy     | 1 2 3 4 5 6 7 |  7.1
Translocations | 1 2 3 4 5 6 7 |  7.1
Transmutations | 1 2 3 4 5 6 7 |  7.1
Fire Magic     | 1 2 3 4 5 6 7 |  7.1
Ice Magic      | 1 2 3 4 5 6 7 |  7.1
Air Magic      | 1 2 3 4 5 6 7 |  7.1
Earth Magic    | 1 2 3 4 5 6 7 |  7.1
Poison Magic   | 1 2 3 4 5 6 7 |  7.1
Axes           | 5 6 7 8 9 |  9.8
Fighting       | 7 8 9 10 | 10.8
Armour         | 7 8 9 10 | 10.8
Shields        | 7 8 9 10 | 10.8

Action                   |  1- 3 |  4- 6 |  7- 9 | 10-12 | 13-15 || total
-------------------------+-------+-------+-------+-------+-------++-------
Melee: War axe           |    68 |   140 |   267 |    98 |       ||   573
       Bite              |     7 |    10 |    51 |   102 |    55 ||   225
       Morningstar       |       |       |   100 |   138 |       ||   238
       Broad axe         |       |       |       |   427 |   332 ||   759
Throw: Boomerang         |       |     1 |       |       |       ||     1
       Throwing net      |       |       |     2 |       |       ||     2
       Stone             |       |       |     2 |       |       ||     2
       Dart              |       |       |       |     4 |       ||     4
       Javelin           |       |       |       |     2 |       ||     2
Invok: Heroism           |       |       |       |       |     2 ||     2
       Finesse           |       |       |       |       |     2 ||     2
Evoke: Wand              |       |       |     1 |     7 |       ||     8
  Use: Scroll            |     3 |     6 |    11 |    12 |     3 ||    35
       Potion            |       |     1 |     3 |     4 |     3 ||    11
 Stab: Paralysed         |       |       |    10 |     3 |       ||    13
       Invisible         |       |       |       |     1 |       ||     1
Armor: Scale mail        |    18 |    36 |       |       |       ||    54
       Chain mail        |       |    24 |   217 |   329 |   169 ||   739
Dodge: Dodged            |    33 |    56 |   319 |   442 |   244 ||  1094
Block: Buckler           |    15 |    29 |   153 |   189 |   131 ||   517
